 Dungeon Crawl Stone Soup version 0.27-a0-1290-g15d3ce7508 (webtiles) character file.

Game seed: 9978353248848935704

536 Delamore the Poker (level 7, -7/56 HPs)
             Began as a Formicid Fighter on June 15, 2021.
             Was an Initiate of Gozag.
             Splashed by Ijyb's acid (12 damage)
             ... on level 5 of the Dungeon.
             The game lasted 00:02:53 (4355 turns).

Delamore the Poker (Formicid Fighter)               Turns: 4355, Time: 00:02:53

Health: -7/56      AC:  0    Str: 23    XL:     7   Next: 50%
Magic:  7/7        EV:  8    Int:  7    God:    Gozag
Gold:   278        SH:  9    Dex: 10    Spells: 6/6 levels left

rFire    . . .     SeeInvis +   f - +1 glaive (flame)
rCold    . . .     Faith    .   c - +0 kite shield
rNeg     . . .     Spirit   .   b - +0 scale mail
rPois    .         Reflect  .   (helmet unavailable)
rElec    .         Harm     .   l - +0 cloak
rCorr    .         Rampage  .   (no gloves)
Will     .....                  (no boots)
Stlth    ..........             (no amulet)
HPRegen  0.18/turn              (no ring)
MPRegen  0.10/turn              (no ring)

@: corroded
A: permanent stasis, dig shafts and tunnels, antennae 3, four strong arms
a: Dig, Shaft Self, Renounce Religion, Potion Petition, Call Merchant, Bribe
Branch


You were on level 5 of the Dungeon.
You worshipped Gozag.
Gozag was aware of your devotion.
You visited 2 branches of the dungeon, and saw 6 of its levels.

You collected 338 gold pieces.
You paid 60 gold pieces to Gozag.

Inventory:

Hand Weapons
 a - a +0 trident
 f - a +1 glaive of flaming (weapon)
Missiles
 h - 33 poisoned darts
 m - 4 boomerangs
Armour
 b - a +0 scale mail (worn)
 c - a +0 kite shield (worn)
 l - a +0 cloak (worn)
Jewellery
 r - a +4 ring of protection
Wands
 n - a wand of paralysis (11)
Scrolls
 i - a scroll of magic mapping
 k - 2 scrolls of enchant weapon {unknown}
 p - a scroll of vulnerability {unknown}
 q - a scroll of amnesia {unknown}
 s - a scroll of identify
Potions
 d - a potion of might
 e - 4 potions of degeneration
 g - 3 potions of lignification
 j - 3 potions of heal wounds
 o - a potion of magic {unknown}
 t - a potion of brilliance {unknown}


   Skills:
 - Level 5.0 Fighting
 * Level 6.9 Polearms
 - Level 3.2 Armour
 - Level 3.6 Shields


You had 6 spell levels left.
You didn't know any spells.
Your spell library contained the following spells:

 Spells                   Type           Power      Damage    Failure   Level
 Animate Skeleton         Necr           0%         N/A       98%         1
 Apportation              Tloc           0%         N/A       98%         1
 Corona                   Hex            0%         N/A       98%         1
 Summon Small Mammal      Summ           0%         N/A       98%         1
 Slow                     Hex            0%         N/A       99%         2
 Inner Flame              Hex/Fire       0%         N/A       100%        3
 Portal Projectile        Hex/Tloc       0%         N/A       100%        3
 Cause Fear               Hex            0%         N/A       100%        4
 Leda's Liquefaction      Hex/Erth       0%         N/A       100%        4


Dungeon Overview and Level Annotations

Branches:
Dungeon (5/15)             Temple (1/1) D:4

Altars:
Ashenzari
Cheibriados
Dithmenos
Elyvilon
Fedhas
Gozag
Hepliaklqana
Kikubaaqudgha
Makhleb
Nemelex Xobeh
Okawaru
Qazlal
Ru
Sif Muna
Trog
Uskayaw
Wu Jian
Xom
Zin
The Shining One

Shops:
D:5 :

Annotations:
D:5 Ijyb


Innate Abilities, Weirdness & Mutations

You cannot be hasted, slowed, berserked, paralysed or teleported.
You can dig through walls and to a lower floor.
You have a pair of large antennae on your head. (SInv)
Your four strong arms can wield two-handed weapons with a shield.


Message History

You see here a +0 ring mail.
You now have 278 gold pieces (gained 22).
You sense a monster nearby.
No target in view!
You sense a monster nearby.
Ijyb the Twisted Goblin comes into view.
She is wielding a +1 spectral club and carrying a wand of acid (6).
Ijyb shouts!
You barely miss Ijyb. Ijyb barely misses you.
You barely miss Ijyb. You block Ijyb's attack.
Ijyb hits you with a +1 spectral club.
You hit Ijyb. You burn Ijyb.
Ijyb is moderately wounded.
Ijyb hits you but does no damage.
Your shield prevents you from hitting Ijyb.
Ijyb is moderately wounded.
Ijyb hits you with a +1 spectral club.
Ijyb grins evilly.
Ijyb hits you but does no damage.
You slash Ijyb! You burn Ijyb.
Ijyb is severely wounded.
Ijyb zaps a wand.
The bolt of acid hits you!! The acid corrodes you!
You are splashed with acid!
* * * LOW HITPOINT WARNING * * *
You are too injured to fight recklessly!
You are too injured to fight recklessly!
You are too injured to fight recklessly!
You are too injured to fight recklessly!
You are too injured to fight recklessly!
You are too injured to fight recklessly!
You are too injured to fight recklessly!
You are too injured to fight recklessly!
You are too injured to fight recklessly!
You are too injured to fight recklessly!
You hit Ijyb. You burn Ijyb.
Ijyb is severely wounded.
Ijyb closely misses you.
Ijyb zaps a wand.
The bolt of acid hits you!
* * * LOW HITPOINT WARNING * * *
The acid corrodes you!
You are splashed with acid!
You die...
Your body crumbles into a pile of gold.

# # ##### ## #... .#
#### ##.#####.#####
...#######............#
............#...@.##
....######.##.###g#
.##.# { #.....# ...
.##.# ####### ####
.##.# .##.# .+... .####
##


You could see Ijyb.

Vanquished Creatures
  2 ogres
  A scorpion (D:3)
  2 centaur zombies (D:5)
  A hound (D:4)
  A bullfrog skeleton (D:4)
  A centaur skeleton (D:5)
  4 gnolls (D:4)
  4 adders
  4 dart slugs
  3 orcs (D:4)
  6 bats
  4 endoplasms
  2 giant cockroaches (D:1)
  5 goblins
  4 hobgoblins
  6 jackals (D:3)
  5 kobolds
  6 quokkas
  11 ball pythons
  2 frilled lizards
  5 rats
79 creatures vanquished.

Vanquished Creatures (others)
  An endoplasm (D:3)
1 creature vanquished.

Grand Total: 80 creatures vanquished

Notes
Turn   | Place    | Note
-------+----------+-------------------------------------------
     0 | D:1      | Delamore the Formicid Fighter began the quest for the Orb.
     0 | D:1      | Reached XP level 1. HP: 18/18 MP: 1/1
   182 | D:1      | Reached XP level 2. HP: 17/24 MP: 2/2
   474 | D:1      | Reached XP level 3. HP: 29/29 MP: 3/3
   489 | D:1      | Reached skill level 3 in Polearms
  1022 | D:1      | Found a faded altar of an unknown god.
  1408 | D:2      | Identified a scroll of acquirement
  1408 | D:2      | Acquired a +1 glaive of flaming
  1550 | D:2      | Reached XP level 4. HP: 34/37 MP: 4/4
  2414 | D:3      | Noticed a scorpion
  2422 | D:3      | Killed a scorpion
  2423 | D:3      | Reached skill level 4 in Polearms
  2423 | D:3      | Reached XP level 5. HP: 28/43 MP: 5/5
  3209 | D:4      | Reached XP level 6. HP: 49/49 MP: 6/6
  3213 | D:4      | Noticed an ogre
  3214 | D:4      | Found a staircase to the Ecumenical Temple.
  3224 | D:4      | Reached skill level 5 in Polearms
  3225 | D:4      | Killed an ogre
  3226 | D:4      | Reached skill level 5 in Fighting
  3401 | Temple   | Entered the Ecumenical Temple
  3465 | Temple   | Became a worshipper of Gozag Ym Sagoz the Greedy
  3694 | D:4      | Found a broken altar of Ashenzari.
  3842 | D:5      | Entered Level 5 of the Dungeon
  3842 | D:5      | Found an ancient bone altar of Kikubaaqudgha.
  3885 | D:5      | Reached skill level 6 in Polearms
  3885 | D:5      | Reached XP level 7. HP: 56/56 MP: 7/7
  3903 | D:5      | Found Segrulexzi's Book Shoppe.
  3907 | D:5      | Found a sparkling altar of Nemelex Xobeh.
  3908 | D:5      | Found a stormy altar of Qazlal.
  3909 | D:5      | Found a white marble altar of Elyvilon.
  3909 | D:5      | Found an iron altar of Okawaru.
  4349 | D:5      | Noticed Ijyb
  4355 | D:5      | Splashed by Ijyb's acid

Illustrated notes

Levels and vault maps discovered:
D:1:      scummos_arrival_simple_crosswalls, layout_basic,
          basic_ecumenical_altar, minmay_tall_x
D:2:      layout_basic, bh_walls_and_bars
D:3:      layout_rooms, grunt_decor_fettered, hangedman_decor_push
D:4:      layout_basic, grunt_ashenzari_visionary
          [grunt_ashenzari_visionary_swamp, grunt_ashenzari_visionary_snake],
          minmay_temple_entry_glass
D:5:      layout_basic, chequers_temple_overflow_statue_of_worship,
          tgw_kikubaaqudgha, serial_shops, shop, uniq_ijyb
Temple:   eino_temple_water

Skill      XL: |  1  2  3  4  5  6 |
---------------+-------------------+-----
Polearms       | 3 4 6 |  6.9
Fighting       | 4 5 |  5.0
Armour         | |  3.2
Shields        | |  3.6

Action                   |  1- 3 |  4- 6 |  7- 9 || total
-------------------------+-------+-------+-------++-------
Melee: Trident           |    77 |       |       ||    77
       Glaive            |     7 |   126 |    17 ||   150
  Use: Scroll            |     5 |     2 |       ||     7
Armor: Scale mail        |    36 |    59 |     8 ||   103
Dodge: Dodged            |    20 |    60 |     6 ||    86
Block: Kite shield       |    36 |    66 |     5 ||   107

Table legend: (Time is in decaauts)
 A = Elapsed time spent in this place.
 B = Non-inter-level travel time spent in this place.
 C = Inter-level travel time spent in this place.
 D = Time resting spent in this place.
 E = Time spent auto-exploring this place.
 F = Levels seen in this place.
 G = Mean time per level.
                   A        B        C        D        E       F      G
               +--------+--------+--------+--------+--------+-----+--------+
         Total |   4477 |   4296 |    181 |    375 |   3328 |   6 |  746.2 |
       Dungeon |   4396 |   4235 |    161 |    375 |   3269 |   5 |  879.2 |
        Temple |     81 |     61 |     20 |      0 |     59 |   1 |   81.0 |
               +--------+--------+--------+--------+--------+-----+--------+

Top non-repeatable levels by time:
     D:1: 1085 daAuts
     D:3: 945 daAuts
     D:4: 934 daAuts
     D:2: 907 daAuts
     D:5: 523 daAuts
  Temple: 81 daAuts
